 Dungeon Crawl Stone Soup version 0.29-a0-559-g359e09b9d1 (webtiles) character file.

Game seed: 9372034407471313906

32 ryw the Sneak (level 3, 0/16 HPs)
             Began as a Spriggan Enchanter on June 11, 2022.
             Slain by a worm (11 damage)
             ... on level 2 of the Dungeon.
             The game lasted 00:02:56 (1796 turns).

ryw the Sneak (Spriggan Enchanter)                  Turns: 1796, Time: 00:02:57

Health: 0/16       AC:  2    Str:  4    XL:     3   Next: 10%
Magic:  8/8        EV: 17    Int: 18    God:
Gold:   43         SH:  0    Dex: 15    Spells: 3/8 levels left

rFire   . . .      SeeInvis +   g - +0 dagger (flame)
rCold   . . .      Faith    .   (no shield)
rNeg    . . .      Spirit   .   b - +0 robe
rPois   .          Reflect  .   (helmet restricted)
rElec   .          Harm     .   (no cloak)
rCorr   .          Rampage  .   (gloves unavailable)
Will    .....                   (boots unavailable)
Stlth   +++.......              (no amulet)
HPRegen 0.05/turn               (no ring)
MPRegen 0.11/turn               (no ring)

@: very quick
A: very small, no large weapons, unfitting armour, see invisible, speed 3
a: no special abilities


You were on level 2 of the Dungeon.
You visited 1 branch of the dungeon, and saw 2 of its levels.

You collected 43 gold pieces.

Inventory:

Hand Weapons
 a - a +1 dagger
 g - a +0 dagger of flaming (weapon)
Armour
 b - a +0 robe (worn)
Jewellery
 l - a ring of protection from fire
Scrolls
 d - a scroll of vulnerability {unknown}
 e - a scroll of fear {unknown}
 f - a scroll of magic mapping {unknown}
 i - a scroll of acquirement {unknown}
 k - a scroll of identify {unknown}
Potions
 c - 3 potions of invisibility
 h - a potion of mutation {unknown}


   Skills:
 + Level 1.7 Short Blades
 + Level 3.2 Dodging
 - Level 4.9 Stealth
 + Level 3.1 Spellcasting
 + Level 4.0 Hexes


You had 3 spell levels left.
You knew the following spells:

 Your Spells              Type           Power      Damage    Failure   Level
a - Confusing Touch       Hex            17%        N/A       10%         3
b - Ensorcelled Hibernat  Hex/Ice        20%        N/A       11%         2

Your spell library contained the following spells:

 Spells                   Type           Power      Damage    Failure   Level
 Tukima's Dance           Hex            17%        N/A       10%         3
 Dazzling Flash           Conj/Hex       20%        N/A       22%         3
 Static Discharge         Conj/Air       2%         N/A       24%         2
 Lightning Bolt           Conj/Air       1%         1d12      99%         5
 Maxwell's Capacitive Co  Air            1%         ∞         100%        8


Dungeon Overview and Level Annotations

Branches:
Dungeon (2/15)

Altars:

Annotations:
D:2 Sigmund


Innate Abilities, Weirdness & Mutations

You are very small and have problems with some larger weapons.
You are too small for most types of armour.
You have supernaturally acute eyesight. (SInv)
You cover ground extremely quickly. (Speed+++)


Message History

Found a leather armour.
No target in view!
h - a fizzy pink potion A worm comes into view.
Found a dagger.
You hit the worm. You burn the worm.
The worm is lightly wounded.
The worm closely misses you.
You hit the worm but do no damage.
The worm is lightly wounded.
You hit the worm. You burn the worm.
The worm is moderately wounded.
The worm bites you!
You hit the worm. You burn the worm.
The worm is moderately wounded.
You hit the worm. You burn the worm.
The worm is heavily wounded.
The worm misses you.
You hit the worm. You burn the worm.
The worm is heavily wounded.
You barely miss the worm.
The worm is heavily wounded.
The worm bites you!
* * * LOW HITPOINT WARNING * * *
You are too injured to fight recklessly!
You are too injured to fight recklessly!
Unknown command.
There is a stone staircase leading up here.
You climb upwards.
There is a stone staircase leading down here.
You start resting.
HP restored.
You climb downwards.
Level annotation: Sigmund
There is a stone staircase leading up here.
You hit the worm but do no damage. The worm bites you.
You barely miss the worm. You barely miss the worm. The worm bites you!
Ouch! That really hurt!
You die...

.>##._............#####
.... #...................
... #.#...#..#..........
... ##.#.(.#.(#.....<....
..#..#...#..#)###......
..................... #.
....#####.........## #.
####.#####.......<.# #.#
##.@..............# #.
#.[###.w..#..#.........#
#.###.....#..##.###########
.###.#....###...##.#
.......##......###.##
#................##
######..w.#....##....####
...##..###..######.....#
#).##.# #..# #..##.#


You could see a worm.

Vanquished Creatures
  An adder (D:2)
  2 dart slugs (D:1)
  2 ball pythons (D:1)
  2 endoplasms
  A giant cockroach (D:1)
  4 goblins (D:1)
  2 hobgoblins (D:1)
  A quokka (D:1)
  2 frilled lizards
17 creatures vanquished.

Notes
Turn   | Place    | Note
-------+----------+-------------------------------------------
     0 | D:1      | ryw the Spriggan Enchanter began the quest for the Orb.
     0 | D:1      | Reached XP level 1. HP: 9/9 MP: 5/5
   245 | D:1      | Reached XP level 2. HP: 8/13 MP: 6/6
  1225 | D:2      | Found a faded altar of an unknown god.
  1244 | D:2      | Noticed Sigmund
  1314 | D:2      | Reached XP level 3. HP: 16/16 MP: 8/8
  1439 | D:2      | Learned a level 3 spell: Confusing Touch
  1442 | D:2      | Learned a level 2 spell: Ensorcelled Hibernation
  1796 | D:2      | Slain by a worm

Illustrated notes

Levels and vault maps discovered:
D:1:      elethiomel_arrival_infinity_welcomes_careful_drivers,
          layout_loops_ring, skrybe_limestone_x,
          hangedman_abyss_or_decor_lesser_grid
D:2:      layout_rooms, hellmonk_ecumenical_altar_lost_god, uniq_sigmund,
          uniq_terence

Skill      XL: |  1  2 |
---------------+-------+-----
Dodging        | 3 |  3.2
Spellcasting   | 3 |  3.1
Hexes          | 4 |  4.0
Short Blades   | |  1.7
Stealth        | |  4.9

Action                   || total
-------------------------++-------
Melee: Dagger            ||    70
       Punch             ||     1
  Use: Potion            ||     2
 Stab: Sleeping          ||     6
Armor: Robe              ||     4
       Skin              ||    12
Dodge: Dodged            ||    34

Table legend: (Time is in decaauts)
 A = Elapsed time spent in this place.
 B = Non-inter-level travel time spent in this place.
 C = Inter-level travel time spent in this place.
 D = Time resting spent in this place.
 E = Time spent auto-exploring this place.
 F = Levels seen in this place.
 G = Mean time per level.
                   A        B        C        D        E       F      G
               +--------+--------+--------+--------+--------+-----+--------+
         Total |   1420 |   1390 |     30 |    595 |    590 |   2 |  710.0 |
       Dungeon |   1420 |   1390 |     30 |    595 |    590 |   2 |  710.0 |
               +--------+--------+--------+--------+--------+-----+--------+

Top non-repeatable levels by time:
     D:1: 1155 daAuts
     D:2: 264 daAuts
